 Dungeon Crawl Stone Soup version 0.29.1-1-gd02db6906a (webtiles) character file.

Game seed: 12144408953515826659

11 xian the Grasshopper (level 2, -2/25 HPs)
             Began as a Draconian Warper on Sept 22, 2022.
             Slain by a quokka (4 damage)
             ... on level 1 of the Dungeon.
             The game lasted 00:00:49 (674 turns).

xian the Grasshopper (Draconian Warper)              Turns: 674, Time: 00:00:50

Health: -2/25      AC:  4    Str: 13    XL:     2   Next: 17%
Magic:  5/5        EV: 12    Int: 13    God:
Gold:   35         SH:  0    Dex: 10    Spells: 5/5 levels left

rFire   . . .      SeeInvis .   a - +0 short sword
rCold   . . .      Faith    .   (no shield)
rNeg    . . .      Spirit   .   (body armour unavailable)
rPois   .          Reflect  .   (helmet restricted)
rElec   .          Harm     .   (no cloak)
rCorr   +          Rampage  .   (no gloves)
Will    .....                   (no boots)
Stlth   +.........              (no amulet)
HPRegen 0.08/turn               d - ring of resist corrosion
MPRegen 0.09/turn               (no ring)

@: no status effects
A: AC +4, unfitting armour, cold-blooded
a: no special abilities


You were on level 1 of the Dungeon.
You visited 1 branch of the dungeon, and saw 1 of its levels.

You collected 35 gold pieces.

Inventory:

Hand Weapons
 a - a +0 short sword (weapon)
Missiles
 c - 7 boomerangs of dispersal (quivered)
Jewellery
 d - a ring of resist corrosion (left hand)
Scrolls
 b - a scroll of blinking


   Skills:
 + Level 2.4 Fighting
 + Level 2.3 Short Blades
 + Level 0.8 Throwing
 + Level 2.1 Dodging
 + Level 2.1 Spellcasting
 + Level 3.2 Translocations


You had 5 spell levels left.
You didn't know any spells.
Your spell library contained the following spells:

 Spells                   Type           Power      Damage    Failure   Level
 Blink                    Tloc           18%        N/A       10%         2
 Gell's Gravitas          Tloc           9%         N/A       21%         3
 Lesser Beckoning         Tloc           9%         N/A       21%         3
 Teleport Other           Tloc           9%         N/A       21%         3
 Manifold Assault         Tloc           9%         N/A       88%         5


Dungeon Overview and Level Annotations

Branches:
Dungeon (1/15)

Altars:


Innate Abilities, Weirdness & Mutations

Your plain brown scales are hard. (AC +4)
You cannot fit into any form of body armour.
You are cold-blooded and may be slowed by cold attacks.


Message History

A dart slug comes into view.
You hit the endoplasm.
The endoplasm is almost dead.
The quokka barely misses you. The endoplasm freezes you.
You are frozen.
You feel yourself slow down.
You miss the quokka.
The quokka bites you but does no damage.
The endoplasm freezes you.
You are frozen.
You feel as though you will be slow longer.
The quokka barely misses you.
You closely miss the quokka. The endoplasm hits you. The quokka misses you.
The hobgoblin hits you.
The hobgoblin hits you but does no damage.
The quokka misses you. The endoplasm closely misses you.
You hit the quokka.
The quokka is severely wounded.
The quokka misses you. The endoplasm freezes you.
You are frozen.
The hobgoblin hits you. The quokka closely misses you.
You hit the endoplasm.
You kill the endoplasm!
The hobgoblin hits you but does no damage.
The quokka bites you. The hobgoblin closely misses you.
The quokka closely misses you. The quokka barely misses you.
The dart slug briefly extends its eye-stalks.
The dart slug attacks as you move away! The dart slug barely misses you.
You feel yourself speed up. The quokka closely misses you.
The hobgoblin hits you but does no damage.
The quokka bites you but does no damage.
The hobgoblin hits you.
* * * LOW HITPOINT WARNING * * *
The quokka bites you.
* * * LOW HITPOINT WARNING * * *
The hobgoblin attacks as you move away!
The hobgoblin hits you but does no damage.
The quokka attacks as you move away! The quokka bites you.
You die...

# #.##.# ##. #.##.# ..#+#
#.##.# ##...## #.##.# #
##.....## #.##.##.#
##.......## #.......#
#.......g.####....########
+......wr@'...............
#.........####....####....
.......$.## ##.#.# #.###
##......## ###.####.# #
#.....## ........# #
....#+# ##.####.### .###
#.. #†... ##. #.### #.# #


You could see a dart slug, a quokka and a hobgoblin.

Vanquished Creatures
  A bat (D:1)
  2 endoplasms (D:1)
  2 goblins (D:1)
  2 jackals (D:1)
  A quokka (D:1)
  A kobold (D:1)
  A rat (D:1)
10 creatures vanquished.

Notes
Turn   | Place    | Note
-------+----------+-------------------------------------------
     0 | D:1      | xian the Draconian Warper began the quest for the Orb.
     0 | D:1      | Reached XP level 1. HP: 17/17 MP: 3/3
   644 | D:1      | Reached XP level 2. HP: 25/25 MP: 5/5
   674 | D:1      | Slain by a quokka

Illustrated notes

Levels and vault maps discovered:
D:1:      mrwooster_arrival_arrow, layout_loops_corners,
          chequers_ecumenical_altar_lobes, minmay_tromino_v2

Action                   || total
-------------------------++-------
Melee: Short sword       ||    38
       Tailslap          ||     2
Armor: Skin              ||    17
Dodge: Dodged            ||    32
